 Dungeon Crawl Stone Soup version 0.26-a0-667-g92642533e4 (webtiles) character file.

Game seed: 13709388757463906241

74 somkeydreadnuts the Sneak (level 4, -4/29 HPs)
             Began as an Octopode Hunter on Oct 17, 2020.
             Slain by Robin
             ... wielding a +5 spectral club
              (5 damage)
             ... on level 2 of the Dungeon.
             The game lasted 00:07:33 (1515 turns).

somkeydreadnuts the Sneak (Octopode Hunter)         Turns: 1515, Time: 00:07:35

Health: -4/29      AC:  1    Str: 12    XL:     4   Next: 28%
Magic:  4/4        EV: 13    Int: 13    God:
Gold:   62         SH:  0    Dex: 12    Spells: 3/3 levels left

rFire    . . .     SeeInvis .   a - +1 shortbow
rCold    . . .     Faith    .   (shield currently unavailable)
rNeg     . . .     Spirit   .   (helmet restricted)
rPois    .         Reflect  .   n - amulet of the acrobat
rElec    .         Harm     .   (no ring)
rCorr    .         Rampage  .   (no ring)
MR       .....                  (no ring)
Stlth    ++++......             (no ring)
HPRegen  0.09/turn              (no ring)
MPRegen  0.09/turn              (no ring)
                                (no ring)
                                (no ring)

@: no status effects
A: almost no armour, stealthy swim, amphibious, 8 rings, constrict 8, camouflage
1, gelatinous body 1
a: no special abilities


You were on level 2 of the Dungeon.
You visited 1 branch of the dungeon, and saw 2 of its levels.

You collected 62 gold pieces.

Inventory:

Hand Weapons
 a - a +1 shortbow (weapon)
 b - a +0 short sword
 e - a +0 hand axe
Missiles
 c - 17 arrows (quivered)
 l - 26 poisoned darts
Armour
 k - a +0 kite shield
Jewellery
 n - an amulet of the acrobat (around mantle)
Scrolls
 d - 2 scrolls of identify {unknown}
 g - a scroll of blinking {unknown}
 i - 3 scrolls of random uselessness {unknown}
 j - a scroll of immolation {unknown}
Potions
 f - a potion of flight {unknown}
 h - 3 potions of curing {unknown}
 m - 3 potions of berserk rage {unknown}
 o - a potion of cancellation {unknown}


   Skills:
 - Level 2.0 Fighting
 - Level 4.4 Bows
 - Level 2.0 Dodging
 + Level 5.1 Stealth


You had 3 spell levels left.
You didn't know any spells.
Your spell library was empty.

Dungeon Overview and Level Annotations

Branches:
Dungeon (2/15)

Altars:

Annotations:
D:2 Robin


Innate Abilities, Weirdness & Mutations

You cannot wear most types of armour.
You are very stealthy in the water. (Stealth+)
You are amphibious.
You can wear up to eight rings at the same time.
You can use your tentacles to constrict eight enemies at once.
Your skin changes colour to match your surroundings (Stealth+).
Your rubbery body absorbs attacks. (AC +1, EV +1)


Message History

Press: ? - help, Shift-Dir - straight line, f/p - Robin
Aim: Robin, wielding a +5 spectral club, wearing a +0 animal skin and wearing a +0 helmet (heavily wounded)
You shoot an arrow. The arrow hits Robin!
Robin is almost dead.
Robin drinks a potion.
Robin is healed!
Robin hits you with a +5 spectral club.
* * * LOW HITPOINT WARNING * * *
Firing (i - inventory. (/) - cycle)
c - 19 arrows (quivered)
Press: ? - help, Shift-Dir - straight line, f/p - Robin
Aim: Robin, wielding a +5 spectral club, wearing a +0 animal skin and wearing a +0 helmet You shoot an arrow.
The arrow hits Robin!
Robin is heavily wounded.
The spectral weapon hits you.
* * * LOW HITPOINT WARNING * * *
Firing (i - inventory. (/) - cycle)
c - 18 arrows (quivered)
Press: ? - help, Shift-Dir - straight line, f/p - Robin
Aim: Robin, wielding a +5 spectral club, wearing a +0 animal skin and wearing a +0 helmet (moderately wounded)
You shoot an arrow. The arrow hits Robin!
Robin is almost dead.
Robin hits you with a +5 spectral club.
You die...

(... ....
.....
.....
..≈...
?l≈..(###
§≈≈...)g#
..≈..(#g#
## ..≈.g
#@# .#
...) #(#
.# ... #.#
.# .. #.#
.# .
#.#######
.##
##........
..#
#.#######>
..# ####.#
..####.##
#.†..#


You could see Robin, a +5 spectral club (summoned) and a goblin.

Vanquished Creatures
  2 adders (D:2)
  2 oozes
  2 dart slugs
  A leopard gecko (D:2)
  4 bats
  2 giant cockroaches
  13 goblins
  6 hobgoblins
  2 kobolds (D:2)
  7 rats (D:1)
41 creatures vanquished.

Notes
Turn   | Place    | Note
-------+----------+-------------------------------------------
     0 | D:1      | somkeydreadnuts the Octopode Hunter began the quest for the
                  | Orb.
     0 | D:1      | Reached XP level 1. HP: 14/14 MP: 1/1
    98 | D:1      | Reached XP level 2. HP: 14/19 MP: 2/2
   213 | D:1      | Reached skill level 2 in Stealth
   435 | D:1      | Reached skill level 3 in Stealth
   568 | D:1      | Reached XP level 3. HP: 16/24 MP: 3/3
  1230 | D:2      | Reached skill level 4 in Stealth
  1421 | D:2      | Reached XP level 4. HP: 29/29 MP: 4/4
  1465 | D:2      | Noticed Robin
  1488 | D:2      | Reached skill level 5 in Stealth
  1514 | D:2      | HP: 1/29 [spectral weapon/+5 spectral club[Robin] (1)]
  1515 | D:2      | Slain by Robin

Illustrated notes

Levels and vault maps discovered:
D:1:      lightli_arrival_flooded_house, layout_basic
D:2:      layout_loops_cross, kennysheep_generic_room_16, uniq_robin

Skill      XL: |  1  2  3  4 |
---------------+-------------+-----
Stealth        | 3 4 5 |  5.1
Fighting       | |  2.0
Bows           | |  4.4
Dodging        | |  2.0

Action                   |  1- 3 |  4- 6 || total
-------------------------+-------+-------++-------
Melee: Short sword       |    42 |     1 ||    43
       Tentacles         |    10 |       ||    10
       Constrict         |     9 |       ||     9
 Fire: Shortbow          |    14 |    27 ||    41
 Stab: Sleeping          |     6 |     1 ||     7
Armor: Skin              |     5 |     1 ||     6
Dodge: Dodged            |    30 |     3 ||    33

Table legend: (Time is in decaauts)
 A = Elapsed time spent in this place.
 B = Non-inter-level travel time spent in this place.
 C = Inter-level travel time spent in this place.
 D = Time resting spent in this place.
 E = Time spent auto-exploring this place.
 F = Levels seen in this place.
 G = Mean time per level.
                   A        B        C        D        E       F      G
               +--------+--------+--------+--------+--------+-----+--------+
         Total |   1520 |   1504 |     16 |      0 |    939 |   2 |  760.0 |
       Dungeon |   1520 |   1504 |     16 |      0 |    939 |   2 |  760.0 |
               +--------+--------+--------+--------+--------+-----+--------+

Top non-repeatable levels by time:
     D:1: 1057 daAuts
     D:2: 463 daAuts
